 Dungeon Crawl Stone Soup version 0.23-a0-703-gdf2d5e0 (webtiles) character file.

483 Lilu the Conjurer (level 6, 0/32 HPs)
             Began as a Deep Elf Conjurer on Jan 13, 2019.
             Succumbed to a worker ant's poison
             ... on level 4 of the Dungeon.
             The game lasted 00:08:38 (4088 turns).

Lilu the Conjurer (Deep Elf Conjurer)               Turns: 4088, Time: 00:08:39

Health: 0/32       AC:  6    Str:  5    XL:     6   Next: 87%
Magic:  8/17       EV: 15    Int: 25    God:
Gold:   162        SH:  0    Dex: 15    Spells: 10/17 levels left

rFire    . . .     SeeInvis .   a - +2 dagger (venom)
rCold    . . .     Gourm    .   (no shield)
rNeg     . . .     Faith    .   u - +2 animal skin
rPois    .         Spirit   .   v - +0 helmet {Int+3}
rElec    .         Reflect  .   o - +0 cloak
rCorr    .         Harm     .   (no gloves)
MR       .....                  (no boots)
Stlth    ++........             e - amulet of inaccuracy (curse)
HPRegen  0.10/turn              (no ring)
MPRegen  0.15/turn              (no ring)

@: lethally poisoned (0 -> -22)
A: no striking features
a: no special abilities


You were on level 4 of the Dungeon.
You were hungry.

You visited 1 branch of the dungeon, and saw 4 of its levels.

You collected 162 gold pieces.

Inventory:

Hand Weapons
 a - a +2 dagger of venom (weapon)
 s - a +0 hunting sling
 w - a +0 blowgun
Missiles
 d - 77 stones (quivered)
Armour
 l - a scarf of spirit shield
 o - a +0 cloak (worn)
 u - a +2 animal skin (worn)
 v - a +0 helmet of intelligence (worn)
Jewellery
 e - a cursed amulet of inaccuracy (around neck)
 i - a cursed -2 ring of dexterity {unknown}
Wands
 t - a wand of digging (6)
 z - a wand of enslavement (5)
Scrolls
 b - 8 scrolls of remove curse {unknown}
 f - 2 scrolls of magic mapping {unknown}
 h - 3 scrolls of amnesia {unknown}
 k - 3 scrolls of identify {unknown}
 m - a scroll of random uselessness {unknown}
 y - 3 scrolls of teleportation {unknown}
Potions
 g - a potion of brilliance {unknown}
 j - 2 potions of magic {unknown}
 n - a potion of curing
 p - a potion of haste {unknown}
 q - 2 potions of cancellation
 r - a potion of degeneration {unknown}
 x - a potion of lignification {unknown}
Comestibles
 c - 8 rations
 A - a chunk of flesh


   Skills:
 + Level 5.5 Dodging
 - Level 2.4 Stealth
 + Level 6.2 Spellcasting
 + Level 6.3 Conjurations


You had 10 spell levels left.
You knew the following spells:

 Your Spells              Type           Power        Failure   Level  Hunger
a - Magic Dart            Conj           ####         1%          1    None
b - Searing Ray           Conj           #####.       1%          2    None
c - Iskenderun's Mystic   Conj           #####...     5%          4    ###....

Your spell library contained the following spells:

 Spells                   Type           Power        Failure   Level  Hunger
 Dazzling Spray           Conj/Hex       ###...       6%          3    None
 Force Lance              Conj/Tloc      ###.....     21%         4    ###....
 Fulminant Prism          Conj/Hex       ###.......   21%         4    ###....


Dungeon Overview and Level Annotations

Branches:
Dungeon (4/15)
 Temple: D:4-7

Altars:

Shops:
D:4 *


Message History

Press: ? - help, Shift-Dir - straight line, f/p - worker ant
Aim: a worker ant (heavily wounded)
The searing ray misses the worker ant. (Press . to maintain the ray.)
You feel sick. The worker ant closely misses you.
Some of the chunks of flesh in your inventory have rotted away.
The searing ray hits the worker ant.
The worker ant is almost dead.
You feel sick. The worker ant bites you!
* * * LOW HITPOINT WARNING * * *
The worker ant bites you.
* * * LOW HITPOINT WARNING * * *
You are more poisoned.
The worker ant poisons you!
The searing ray misses the worker ant.
* * * LOW HITPOINT WARNING * * *
You feel sick. The worker ant completely misses you.
The searing ray misses the worker ant.
You finish channeling your searing ray.
You are feeling hungry.
You die...

############ #.#.#...#.#.#
..##.......# ##.#.....#.##
..##.......# #.#..#.#).#.#
..##.......####..##.##.รท##
............##..##...##).#
#....#......##.##..(..##.#
#....#......##..##)..##..#
............###..##.##..##
............##.#@.###..#.#
............###a#..#..#)##
#...........##(#.#...#)#)#
#...........### ###.######
#..........## ##.#
#######....#######..#
#............## #####
#..........###
....###..........#


You could see a worker ant.

Vanquished Creatures
  A scorpion (D:4)
  A hound (D:4)
  An orc priest (D:4)
  An orc wizard (D:4)
  Jessica (D:2)
  Natasha (thrice) (D:2)
  An iguana (D:4)
  4 worker ants (D:4)
  Robin (D:2)
  3 adders
  2 dart slugs
  4 leopard geckos
  9 orcs
  2 giant cockroaches (D:1)
  12 goblins
  5 hobgoblins
  4 jackals (D:1)
  6 kobolds
  3 ball pythons
  6 bats
  3 frilled lizards (D:1)
  6 rats
79 creatures vanquished.

Notes
Turn   | Place    | Note
-------+----------+-------------------------------------------
     0 | D:1      | Lilu the Deep Elf Conjurer began the quest for the Orb.
     0 | D:1      | Reached XP level 1. HP: 10/10 MP: 6/6
   247 | D:1      | Reached XP level 2. HP: 15/15 MP: 4/8
   257 | D:1      | Learned a level 2 spell: Searing Ray
  1054 | D:2      | Noticed Jessica
  1056 | D:2      | Noticed Natasha
  1086 | D:2      | Killed Jessica
  1086 | D:2      | Reached XP level 3. HP: 19/19 MP: 5/10
  1160 | D:2      | Killed Natasha
  1160 | D:2      | Reached skill level 5 in Conjurations
  1160 | D:2      | Reached XP level 4. HP: 22/24 MP: 6/12
  1281 | D:2      | Noticed Natasha
  1300 | D:2      | Killed Natasha
  1423 | D:2      | Noticed Natasha
  1447 | D:2      | Killed Natasha
  1880 | D:2      | Reached XP level 5. HP: 28/28 MP: 9/14
  2026 | D:2      | Noticed Robin
  2035 | D:2      | Killed Robin
  2436 | D:3      | Reached skill level 5 in Spellcasting
  3103 | D:4      | Found Mibroun's Assorted Antiques.
  3133 | D:4      | Reached XP level 6. HP: 21/32 MP: 8/16
  3186 | D:4      | Learned a level 4 spell: Iskenderun's Mystic Blast
  3523 | D:4      | Reached skill level 5 in Dodging
  4088 | D:4      | Succumbed to a worker ant's poison

Vault maps used:
D:1:      zaba_arrival_water
D:2:      uniq_jessica, uniq_natasha, uniq_robin
D:3:      chequers_serial_rivers_micro_e, corner_web_ring, glass_columns_a,
          skrybe_limestone_x
D:4:      minmay_diamond_boxcup, first_ration, serial_shops,
          nicolae_shop_crystal

Skill      XL: |  1  2  3  4  5  6 |
---------------+-------------------+-----
Dodging        | 3 4 5 |  5.5
Spellcasting   | 4 5 6 |  6.2
Conjurations   | 5 6 |  6.3
Stealth        | |  2.4

Action                   |  1- 3 |  4- 6 || total
-------------------------+-------+-------++-------
Melee: Dagger            |       |    15 ||    15
 Fire: Hunting sling     |       |    15 ||    15
 Cast: Magic Dart        |    49 |    95 ||   144
       Searing Ray       |     1 |    12 ||    13
  Use: Potion            |       |     3 ||     3
  Eat: Chunk             |     1 |     8 ||     9
Armor: Robe              |     2 |       ||     2
       Leather armour    |       |     5 ||     5
       Animal skin       |       |    10 ||    10
Dodge: Dodged            |     6 |    37 ||    43

Table legend:
 A = Non-vault XP
 B = Vault XP
 C = Vault XP percentage of total XP
 D = Non-vault monster count
 E = Vault monster count
 F = Vault count percentage of total count
                 A         B        C        D         E       F
            +---------+---------+-------+---------+---------+-------
      Total |     506 |     184 |  26.7 |      60 |      19 |  24.1
            +---------+---------+-------+---------+---------+-------
        D:1 |      36 |       0 |   0.0 |      22 |       0 |   0.0
        D:2 |      98 |     109 |  52.7 |      11 |      14 |  56.0
        D:3 |      38 |       0 |   0.0 |      13 |       0 |   0.0
        D:4 |     334 |      75 |  18.3 |      14 |       5 |  26.3
            +---------+---------+-------+---------+---------+-------
